 Dungeon Crawl Stone Soup version 0.17-a0-1636-g3119f2b (webtiles) character file.

8180 nubinia the Fighter (level 11, -2/95 HPs)
             Began as a Hill Orc Necromancer on Aug 5, 2015.
             Was a Priest of Beogh.
             Slain by an unseen horror (9 damage)
             ... on level 10 of the Dungeon on Aug 6, 2015.
             The game lasted 01:25:49 (11534 turns).

nubinia the Fighter (Hill Orc Necromancer)         Turns: 11534, Time: 01:25:49

Health: -2/95      AC: 10    Str: 13    XL:     11   Next: 26%
Magic:  10/20      EV: 13    Int: 17    God:    Beogh [***...]
Gold:   562        SH:  0    Dex: 11    Spells: 6 memorised, 7 levels left

rFire  + . .     SeeInvis .     a - +5 flail (drain)
rCold  . . .     Clarity  .     E - +0 leather armour
rNeg   . . .     SustAt   .     (no shield)
rPois  +         Gourm    .     R - +2 helmet
rElec  .         Spirit   .     (no cloak)
rCorr  .         Warding  .     n - +1 pair of gloves of the Forest {+Blink}
rMut   .         Stasis   .     (no boots)
MR     .....                    T - amulet of faith
Stlth  ++........               (no ring)
                                f - ring of protection from fire

@: lethally poisoned (-2 -> -3), regenerating, not resistant to hostile
enchantments, unstealthy
A: poison resistance
a: Smiting, Renounce Religion, Evoke Blink


You were on level 10 of the Dungeon.
You worshipped Beogh.
Beogh was most pleased with you.
You were near starving.

You visited 2 branches of the dungeon, and saw 11 of its levels.
You also visited: Sewer.

You collected 562 gold pieces.

Inventory:

Hand weapons
 a - a +5 flail of draining (weapon)
 b - a +1 dagger of venom
 h - a +0 club
 m - a +0 hand axe
 K - a +2 rapier of draining
 P - the +7 quarterstaff "Deituunn" {flame, MR- Str+3 Int+3}
   (You found it on level 9 of the Dungeon)

   It has been specially enchanted to burn those struck by it, causing extra
   injury to most foes and up to half again as much damage against particularly
   susceptible opponents.
   It affects your strength (+3).
   It affects your intelligence (+3).
   It affects your resistance to hostile enchantments.
Missiles
 d - 4 curare-tipped needles
Armour
 n - the +1 pair of gloves of the Forest (worn) {+Blink}
   (You found it on level 6 of the Dungeon)

   It lets you blink.
 s - a +0 pair of gloves
 v - a +0 robe
 E - a +0 leather armour (worn)
 J - a +0 hat
 M - a +2 pair of gloves
 R - a +2 helmet (worn)
 W - a +1 robe of cold resistance
Jewellery
 f - a ring of protection from fire (left hand)
 l - an uncursed amulet of resist corrosion
 T - an amulet of faith (around neck)
 U - an uncursed amulet of the gourmand
 V - an uncursed ring of ice
Magical devices
 g - a wand of heal wounds (5)
 A - a wand of cold (8)
 D - a wand of paralysis (9)
 F - a wand of cold (5)
 O - a wand of cold (4)
 Q - a wand of cold (12)
 S - a wand of slowing (30)
Scrolls
 e - 2 scrolls of magic mapping
 k - 6 scrolls of recharging
 t - 2 scrolls of fog
 u - 6 scrolls of blinking
 x - 5 scrolls of teleportation
 C - 3 scrolls of remove curse
 G - a scroll of fear
 I - 6 scrolls of identify
Potions
 i - 2 potions of agility
 j - 3 potions of might
 o - a potion of invisibility
 p - 2 potions of lignification
 q - 9 potions of curing
 w - 2 potions of haste
 z - a potion of brilliance
 N - a potion of cancellation
Books
 y - a book of Necromancy

   Spells                             Type                      Level
   a - Pain                           Necromancy                   1
   b - Animate Skeleton               Necromancy                   1
   c - Vampiric Draining              Necromancy                   3
   d - Regeneration                   Charms/Necromancy            3
   e - Animate Dead                   Necromancy                   4
   f - Control Undead                 Necromancy                   4
 H - a book of Minor Magic

   Spells                             Type                      Level
   a - Magic Dart                     Conjuration                  1
   b - Blink                          Translocation                2
   c - Call Imp                       Summoning                    2
   d - Repel Missiles                 Charms/Air                   2
   e - Slow                           Hexes                        2
   f - Conjure Flame                  Conjuration/Fire             3
   g - Mephitic Cloud                 Conjuration/Poison/Air       3
 L - a book of Envenomations

   Spells                             Type                      Level
   a - Spider Form                    Transmutation/Poison         3
   b - Alistair's Intoxication        Transmutation/Poison         4
   c - Olgreb's Toxic Radiance        Poison                       4
   d - Poisonous Cloud                Conjuration/Poison/Air       6
Comestibles
 c - 6 bread rations
 r - 6 meat rations
 B - 10 royal jellies


   Skills:
 * Level 8.7 Fighting
 - Level 0.2 Short Blades
 + Level 4.6 Maces & Flails
 * Level 7.2 Armour
 + Level 5.4 Dodging
 + Level 3.2 Stealth
 + Level 6.5 Spellcasting
 + Level 0.1 Charms
 + Level 8.6 Necromancy
 + Level 0.4 Evocations


You had 7 spell levels left.
You knew the following spells:

 Your Spells              Type           Power        Failure   Level  Hunger
a - Pain                  Necr           ####         1%          1    None
b - Control Undead        Necr           #####.....   6%          4    ####...
r - Regeneration          Chrm/Necr      ###.......   10%         3    ##.....
v - Vampiric Draining     Necr           #####.....   1%          3    ##.....
D - Animate Dead          Necr           N/A          6%          4    ####...
S - Animate Skeleton      Necr           N/A          1%          1    None


Dungeon Overview and Level Annotations

Branches:
Dungeon (10/15)            Temple (1/1) D:4            Lair (0/8) D:10
    Orc: D:9-12

Altars:
Ashenzari
Cheibriados
Dithmenos
Elyvilon
Fedhas
Gozag
Kikubaaqudgha
Makhleb
Nemelex Xobeh
Okawaru
Qazlal
Ru
Sif Muna
Trog
Vehumet
Xom
Yredelemnul
Zin
The Shining One

Annotations:
D:8 maniek23's ghost, experienced DsAs


Innate Abilities, Weirdness & Mutations

Your system is resistant to poisons.


Message History

You kill the worker ant!
Beogh accepts your kill.
You feel life coursing into your body.
You feel sick. Something hits you but does no damage. Something hits you.
* * * LOW HITPOINT WARNING * * *
Something hits your orc.
Casting: Vampiric Draining
Confirm with . or Enter, or press ? or * to list all spells.
Your skin crawls.
You feel sick. Something hits you but does no damage.
Something hits you but does no damage. Something barely misses you. x2
You see here a giant frog corpse.
Casting: Regeneration
Confirm with . or Enter, or press ? or * to list all spells.
You attempt to give life to the dead...
Before your eyes, flesh is ripped from the corpse!
The dead are hopping!
Something barely misses you. Something hits you!
* * * LOW HITPOINT WARNING * * *
Something hits you!
You die...

#..# ###..#.##.##.###o.# #.#
#..# #.o########### #..# #.#
#..# ##o##############)'####.#
#..# #..#**..........o....##.#
#..###..##,,..............##.##
#..#o.Z###.,*#.#.###.###.###.Z.
#.oo######(.*##Z###.#.###.##Z##
##.##***#....#...oo.......##...
#.#**,,,,,,#.@...o.......##Z##
#o#*,,......#...#####''####.Z.
#o#*,,##.#.*#o.## #..# ###.
#o#*,,**#.**#.[# #..# #Z
#Z#*,,,#.,,...$# #.## #.
#.#*,,#.,,..%?## #.#######o
#Z##...#...#### ##.#.oo..Z.
#Z##..##..#*##### #..#Z###.##
#.##..##..# #...## #....# #.).


You could see a friendly orc warrior, 3 friendly orcs and a friendly giant frog
skeleton.

Vanquished Creatures
  Fannar (D:10)
  A hill giant (D:10)
  A two-headed ogre (D:9)
  A deep elf mage (D:10)
  Grum (D:9)
  A hungry ghost (D:9)
  4 wolves (D:9)
  6 yaks
  Duvessa (D:7)
  4 ice beasts
  2 sky beasts
  2 necrophages
  An orc warrior (D:8)
  5 centaurs
  4 ogres
  Blork the orc (D:6)
  Dowan (D:7)
  5 giant frogs
  2 scorpions
  6 killer bees
  8 wights (D:7)
  2 crimson imps (D:6)
  A quasit (D:8)
  4 jellies (D:8)
  3 orc priests (D:8)
  4 hounds
  2 giant frog skeletons
  2 orc wizards
  Terence (D:3)
  4 iguanas
  7 worker ants
  A killer bee zombie (D:4)
  2 hound skeletons
  16 adders
  2 river rats (Sewer)
  A shadow imp (D:7)
  7 oozes
  3 adder zombies
  3 adder skeletons
  3 worms
  9 giant geckos
  13 orcs
  8 ball pythons
  5 bats
  9 giant cockroaches
  7 hobgoblins
  7 jackals
  8 kobolds
  A quokka (D:8)
  8 giant newts
  4 goblins
  20 rats
225 creatures vanquished.

Vanquished Creatures (collateral kills)
  2 hill giants (D:10)
  3 yaks (D:10)
  Eustachio (D:6)
  2 vampire mosquitoes (D:10)
  A necrophage (D:10)
  An ogre (D:10)
  2 giant frogs
  A scorpion (D:10)
  A wyvern skeleton (D:10)
  2 crimson imps
  2 wights (D:7)
  2 jellies (D:10)
  A centaur skeleton (D:6)
  2 worker ants
  A worker ant zombie (D:10)
  6 adders
  An ooze (D:8)
  A worm (D:2)
  A giant gecko (D:1)
  4 orcs
  2 bats
  5 hobgoblins
  7 ball pythons
  8 rats (Sewer)
59 creatures vanquished.

Vanquished Creatures (others)
  2 orc wizards
  2 orcs
4 creatures vanquished.

Grand Total: 288 creatures vanquished

Notes
Turn   | Place    | Note
--------------------------------------------------------------
     0 | D:1      | nubinia the Hill Orc Necromancer began the quest for the Orb.
     0 | D:1      | Reached XP level 1. HP: 14/14 MP: 3/3
    14 | D:1      | Learned a level 1 spell: Animate Skeleton
   193 | D:1      | Reached XP level 2. HP: 18/20 MP: 1/4
   652 | D:2      | Reached XP level 3. HP: 20/26 MP: 0/5
   657 | D:2      | Learned a level 3 spell: Vampiric Draining
  1242 | D:2      | Gained mutation: You possess an exceptional clarity of mind. [potion of mutation]
  1242 | D:2      | Gained mutation: Your system is resistant to poisons. [potion of mutation]
  1242 | D:2      | Gained mutation: Scrolls take you a little longer to read. [potion of mutation]
  1279 | D:2      | Reached skill level 5 in Necromancy
  1279 | D:2      | Reached XP level 4. HP: 32/34 MP: 4/7
  2024 | D:3      | Noticed Terence
  2031 | D:3      | Killed Terence
  2031 | D:3      | Reached XP level 5. HP: 30/39 MP: 2/8
  2237 | D:3      | Found a sparkling altar of Nemelex Xobeh.
  2275 | D:3      | Your ally Terence died
  2650 | D:3      | Learned a level 4 spell: Control Undead
  2747 | D:4      | Found a staircase to the Ecumenical Temple.
  2752 | Temple   | Entered the Ecumenical Temple
  3346 | D:4      | Reached skill level 1 in Fighting
  3399 | D:4      | Found a glowing silver altar of Zin.
  3678 | D:5      | Entered Level 5 of the Dungeon
  3709 | D:5      | Reached XP level 6. HP: 44/48 MP: 10/10
  3774 | D:5      | Found a glowing drain.
  3786 | Sewer    | Entered a sewer
  4358 | D:5      | Reached XP level 7. HP: 40/56 MP: 4/11
  4410 | D:5      | Reached skill level 6 in Necromancy
  4517 | D:5      | Found a basalt altar of Yredelemnul.
  4805 | D:5      | Found an ancient bone altar of Kikubaaqudgha.
  5041 | D:6      | Noticed Blork the orc
  5342 | D:5      | Reached skill level 1 in Armour
  5408 | D:5      | Learned a level 3 spell: Regeneration
  5724 | D:6      | Noticed Eustachio
  5906 | D:6      | Killed Blork the orc
  5961 | D:6      | Reached XP level 8. HP: 27/63 MP: 2/13
  6121 | D:6      | Became a worshipper of Beogh the Brigand
  6204 | D:6      | Lost mutation: You possess an exceptional clarity of mind. [potion of cure mutation]
  6204 | D:6      | Lost mutation: Scrolls take you a little longer to read. [potion of cure mutation]
  6205 | D:6      | Gained mutation: Your body sometimes deteriorates upon taking damage. [potion of mutation]
  6205 | D:6      | Gained mutation: You possess an exceptional clarity of mind. [potion of mutation]
  6205 | D:6      | Gained mutation: You expend magic power (3 MP) to strengthen your wands. [potion of mutation]
  6206 | D:6      | Lost mutation: Your body sometimes deteriorates upon taking damage. [potion of cure mutation]
  6206 | D:6      | Lost mutation: You expend magic power (3 MP) to strengthen your wands. [potion of cure mutation]
  6206 | D:6      | Lost mutation: You possess an exceptional clarity of mind. [potion of cure mutation]
  6214 | D:6      | Got a pair of ancient gloves
  6225 | D:6      | Identified the +1 pair of gloves of the Forest {+Blink} (You found it on level 6 of the Dungeon)
  6270 | D:6      | Killed Eustachio
  6403 | D:6      | Your ally Eustachio died
  6773 | D:6      | Found a shadowy altar of Dithmenos.
  6816 | D:7      | Noticed Duvessa
  6839 | D:7      | Noticed Dowan
  6842 | D:7      | Killed Duvessa
  6915 | D:7      | Killed Dowan
  6915 | D:7      | Reached skill level 5 in Fighting
  6967 | D:7      | Found a burning altar of Makhleb.
  7068 | D:7      | Your ally Dowan died
  7087 | D:7      | Your ally Duvessa died
  7189 | D:7      | Found a bloodstained altar of Trog.
  7374 | D:7      | Reached XP level 9. HP: 35/74 MP: 3/15
  7379 | D:7      | Reached skill level 7 in Necromancy
  7409 | D:6      | Reached skill level 1 in Maces & Flails
  8037 | D:8      | Acquired Beogh's first power
  8061 | D:8      | Learned a level 4 spell: Animate Dead
  8083 | D:8      | Noticed maniek23's ghost (experienced DsAs)
  8315 | D:8      | Found a snail-covered altar of Cheibriados.
  8315 | D:8      | Found a white marble altar of Elyvilon.
  8353 | D:8      | Reached skill level 5 in Spellcasting
  8417 | D:8      | Acquired Beogh's second power
  9171 | D:9      | Reached skill level 5 in Armour
  9281 | D:9      | You fall through a shaft!
  9281 | D:10     | Entered Level 10 of the Dungeon
  9713 | D:9      | Reached XP level 10. HP: 58/86 MP: 10/17
  9723 | D:9      | Got a slimy quarterstaff
  9724 | D:9      | Identified the +7 quarterstaff "Deituunn" {flame, MR- Str+3 Int+3} (You found it on level 9 of the Dungeon)
  9787 | D:9      | You fall through a shaft!
  9942 | D:9      | Noticed Grum
 10234 | D:9      | Killed Grum
 10783 | D:10     | Reached skill level 5 in Dodging
 10852 | D:10     | Noticed a hill giant
 10860 | D:10     | Killed a hill giant
 10860 | D:10     | Reached skill level 8 in Necromancy
 10946 | D:10     | Acquired Beogh's third power
 10988 | D:10     | Noticed a hill giant
 10996 | D:10     | Killed a hill giant
 10996 | D:10     | Reached XP level 11. HP: 64/95 MP: 9/20
 11044 | D:10     | Noticed a hill giant
 11048 | D:10     | Killed a hill giant
 11117 | D:10     | Found a staircase to the Lair.
 11391 | D:10     | Noticed Fannar
 11411 | D:10     | Killed Fannar
 11534 | D:10     | Slain by an unseen horror

Vault maps used:
D:1:      matt_arrival_grand_opening
D:3:      first_bread, nemelex_dance_club_becter, uniq_terence
D:4:      old_standard_altar, temple_doors_e
D:5:      lemuel_round_altar, lemuel_round_altar, gup_sewer_entry_bowl
D:6:      lemuel_coloured_pillars_altar, uniq_blork_the_orc, uniq_eustachio
D:7:      old_standard_altar, trog_book, uniq_duvessa
D:8:      nicolae_overflow_hidden_temple, hangedman_little_slice_of_home
D:9:      uniq_grum
D:10:     lair_0_dummy, hangedman_corner_corridor, uniq_fannar
Temple:   eino_temple_water_12
Sewer:    sewer_minmay_w

Action                   |  1- 3 |  4- 6 |  7- 9 | 10-12 || total
-------------------------+-------+-------+-------+-------++-------
Melee: Club              |    14 |       |       |       ||    14
       Hand axe          |    11 |    20 |       |       ||    31
       Rapier            |       |   134 |   101 |       ||   235
       Dagger            |       |       |     6 |       ||     6
       Flail             |       |       |   228 |   164 ||   392
 Cast: Pain              |    36 |    46 |     1 |     6 ||    89
       Animate Skeleton  |    19 |    44 |    17 |     5 ||    85
       Vampiric Draining |       |     7 |    29 |    18 ||    54
       Control Undead    |       |     1 |    11 |     3 ||    15
       Regeneration      |       |       |     4 |     1 ||     5
       Animate Dead      |       |       |     1 |    11 ||    12
Invok: Convert to Beogh  |       |       |     1 |       ||     1
 Abil: Evoke Blink       |       |       |       |     1 ||     1
Evoke: Wand              |       |       |       |     2 ||     2
  Use: Potion            |     2 |     1 |     9 |     3 ||    15
       Scroll            |     1 |    15 |     4 |     2 ||    22
 Stab: Sleeping          |     1 |     5 |     4 |     2 ||    12
       Distracted        |       |     1 |       |       ||     1
  Eat: Chunk             |     2 |    12 |    16 |    10 ||    40
       Pizza             |       |       |     2 |       ||     2
       Beef jerky        |       |       |     2 |     2 ||     4
